NASHVILLE vs ARIZONA

Created - Tuesday, January 16, 2018 at 07:38

Goals
1 2 3 T
NASHVILLE 1 0 2 3
ARIZONA 1 0 1 2
Shots
1 2 3 T
NASHVILLE 10 6 8 24
ARIZONA 14 6 9 29

1st period

1. ARIZONA , P.K. Subban 8 (Justin Faulk 21, Tomas Plekanec 17) at 17:36 (PP)
2. NASHVILLE , Jimmy Vesey 9 (Brendan Leipsic 5, Braydon Coburn 10) at 17:57

Penalties :
Gabriel Landeskog (ARI) for Hooking (Minor) at 7:29, Niklas Kronwall (NSH) for High sticking (Minor) at 16:45, Niklas Kronwall (NSH) for High sticking (Minor) at 19:37

2nd period

No Goal

Penalties :
Richard Panik (NSH) for Hooking (Minor) at 0:03, P.K. Subban (ARI) for Hooking (Minor) at 13:41

3rd period

3. NASHVILLE , Joseph Blandisi 1 (Dwight King 1, Rasmus Ristolainen 21) at 2:27
4. NASHVILLE , Oscar Lindberg 5 (Jimmy Vesey 14, Braydon Coburn 11) at 7:56
5. ARIZONA , Justin Williams 7 (William Nylander 17, Mikael Backlund 22) at 18:53

Penalties :
Bryan Rust (ARI) for Interference (Minor) at 11:00, Ian Cole (ARI) for Hooking (Minor) at 14:47, Richard Panik (NSH) for Tripping (Minor) at 14:47

Goalie Stats

Mike Smith (NSH), 27 saves from 29 shots - (0.931), W, 11-22-3, 60:00 minutes
Pekka Rinne (ARI), 21 saves from 24 shots - (0.875), L, 18-12-1, 59:02 minutes

Players Stats for NASHVILLE

Player Name              G  A  P  +/- PIM S  H  SB GA TA FO     MP     PP MP  PK MP  
------------------------------------------------------------------------------------
Braydon Coburn           0  2  2   2  0   0  0  1  0  0  0/0    15:55   3:19   1:09 
Brendan Leipsic          0  1  1   2  0   1  0  0  0  0  1/6    18:18   2:31   1:21 
Brenden Dillon           0  0  0   0  0   0  0  0  0  0  0/0     4:38   0:00   0:00 
Clarke MacArthur         0  0  0  -1  0   2  1  0  0  0  1/1    12:06   0:48   0:00 
Connor Carrick           0  0  0   0  0   0  0  0  0  0  0/0     0:00   0:00   0:00 
Danny DeKeyser           0  0  0   1  0   0  2  1  0  0  0/0    20:43   3:19   1:27 
Dwight King              0  1  1   1  0   0  0  0  0  0  0/0     8:23   0:48   0:05 
Hunter Shinkaruk         0  0  0   1  0   1  0  0  0  0  0/0     7:30   0:00   0:00 
Jimmy Vesey              1  1  2   2  0   3  0  1  0  0  0/1    16:50   2:31   0:00 
Joseph Blandisi          1  0  1   1  0   2  0  0  0  0  2/7     8:32   0:48   0:14 
Kevin Bieksa             0  0  0   2  0   0  1  1  0  0  0/0    11:57   0:00   0:00 
Lars Eller               0  0  0   0  0   2  1  0  0  0  1/2    20:16   2:38   0:05 
Morgan Rielly            0  0  0  -1  0   1  0  3  0  0  0/0    23:01   2:38   1:38 
Nick Bonino              0  0  0   0  0   3  0  0  0  0  13/24  17:57   0:00   0:00 
Niklas Kronwall          0  0  0  -1  4   0  5  3  0  0  0/0    18:15   0:00   0:19 
Oscar Lindberg           1  0  1   2  0   2  2  0  0  0  4/14   16:10   2:31   0:00 
Peter Holland            0  0  0  -1  0   2  0  0  0  0  7/14   11:01   0:00   0:00 
Rasmus Ristolainen       0  1  1   1  0   1  2  0  0  0  0/0    25:29   2:38   1:59 
Richard Panik            0  0  0   0  4   3  3  0  0  0  0/4    19:14   2:38   0:43 
Zach Hyman               0  0  0  -1  0   1  3  1  0  0  1/4    16:53   2:38   2:30 

Players Stats for ARIZONA

Player Name              G  A  P  +/- PIM S  H  SB GA TA FO     MP     PP MP  PK MP  
------------------------------------------------------------------------------------
Adam Larsson             0  0  0   0  0   1  0  0  0  0  0/0    22:24   1:22   3:15 
Alexander Burmistrov     0  0  0   0  0   0  1  0  0  0  7/10    7:06   0:00   0:00 
Brandon Manning          0  0  0  -1  0   0  2  0  0  0  0/0    14:55   0:00   0:00 
Bryan Rust               0  0  0  -1  2   0  3  0  0  0  0/0    13:30   0:00   1:06 
Gabriel Landeskog        0  0  0  -1  2   1  3  0  0  0  0/0    16:57   1:35   0:46 
Ian Cole                 0  0  0   0  2   0  3  1  0  0  0/0    19:15   1:22   2:42 
Justin Faulk             0  1  1  -1  0   4  1  3  0  0  0/0    22:41   1:54   2:42 
Justin Williams          1  0  1   0  0   3  4  1  0  0  2/2    18:14   1:35   0:00 
Loui Eriksson            0  0  0  -1  0   3  1  0  0  0  1/3    12:25   0:00   0:00 
Mikael Backlund          0  1  1   0  0   3  1  1  0  0  12/23  19:42   1:35   1:04 
Mikhail Grigorenko       0  0  0   0  0   0  0  0  0  0  0/0     7:19   0:00   0:13 
P.K. Subban              1  0  1  -1  2   4  0  0  0  0  0/0    23:54   1:54   2:22 
Reilly Smith             0  0  0  -1  0   3  0  1  0  0  1/1    18:48   1:41   3:52 
Ron Hainsey              0  0  0  -1  0   1  0  2  0  0  0/0    16:49   0:00   0:53 
Sean Couturier           0  0  0  -1  0   0  0  2  0  0  18/26  17:28   0:00   3:52 
Tom Pyatt                0  0  0   0  0   0  0  0  0  0  0/0     8:07   0:00   1:01 
Tomas Plekanec           0  1  1  -1  0   3  0  0  0  0  6/11   14:43   1:41   0:00 
William Nylander         0  1  1   0  0   3  0  0  0  0  0/1    17:43   1:41   0:00 

3 Stars

1 - Jimmy Vesey (NSH)
2 - Oscar Lindberg (NSH)
3 - Braydon Coburn (NSH)

Power Play

NASHVILLE - 0 on 3 Attempt(s) - 0.00%
ARIZONA - 1 on 3 Attempt(s) - 33.33%

Penalty Kill

NASHVILLE - 2 on 3 Attempt(s) - 66.67% - Score 0 goal in Penalty Kill
ARIZONA - 3 on 3 Attempt(s) - 100.00% - Score 0 goal in Penalty Kill

Team Stat

NASHVILLE - Hits : 20 - Faceoff Wins : 30 - Blocked Shots : 11 - Penalty Minutes : 8
ARIZONA - Hits : 19 - Faceoff Wins : 47 - Blocked Shots : 11 - Penalty Minutes : 8

Official

Referees : Unknown
Linesman : Unknown

Game Notes

No Game Note

Finance

Level 1 -- Attendance: 6000 (100.00%) -- Ticket Income $522,000
Level 2 -- Attendance: 5000 (100.00%) -- Ticket Income $290,000
Level 3 -- Attendance: 1931 (96.55%) -- Ticket Income $67,585
Level 4 -- Attendance: 3992 (99.80%) -- Ticket Income $79,840
Luxury Box -- Attendance: 813 (81.30%) -- Ticket Income $150,405
Game was played at the Gila River Arena.
Total Attendance: 17736 (98.53%)
Total Ticket Income: $1,109,830
Total Income: $1,109,830

NASHVILLE

5 vs 5 Forward 
   Center                   Left Wing                Right Wing               Time % Phy DF OF 
 1 Nick Bonino              Lars Eller               Richard Panik            35     0   1  4  
 2 Oscar Lindberg           Brendan Leipsic          Jimmy Vesey              30     0   2  3  
 3 Peter Holland            Clarke MacArthur         Zach Hyman               25     1   3  1  
 4 Joseph Blandisi          Hunter Shinkaruk         Dwight King              10     2   2  1  

5 vs 5 Defense 
   Defense                  Defense                                           Time % Phy DF OF 
 1 Rasmus Ristolainen       Danny DeKeyser                                    35     1   3  1  
 2 Morgan Rielly            Niklas Kronwall                                   35     1   3  1  
 3 Braydon Coburn           Kevin Bieksa                                      20     1   3  1  
 4 Rasmus Ristolainen       Brenden Dillon                                    10     1   3  1  

PowerPlay Forward 
   Center                   Left Wing                Right Wing               Time % Phy DF OF 
 1 Zach Hyman               Lars Eller               Richard Panik            60     0   0  5  
 2 Oscar Lindberg           Brendan Leipsic          Jimmy Vesey              40     0   0  5  

PowerPlay Defense
   Defense                  Defense                                           Time % Phy DF OF 
 1 Rasmus Ristolainen       Morgan Rielly                                     60     0   1  4  
 2 Danny DeKeyser           Braydon Coburn                                    40     0   1  4  

Penalty Kill 4 Players Forward 
   Center                   Wing                     Time % Phy DF OF 
 1 Richard Panik            Zach Hyman               60     0   4  1  
 2 Lars Eller               Dwight King              40     0   4  1  

Penalty Kill 4 Players Defense
   Defense                  Defense                  Time % Phy DF OF 
 1 Rasmus Ristolainen       Morgan Rielly            60     0   5  0  
 2 Danny DeKeyser           Niklas Kronwall          40     0   5  0  

Penalty Kill - 3 Players Forward 
   Forward                                           Time % Phy DF OF 
 1 Richard Panik                                     60     0   5  0  
 2 Lars Eller                                        40     0   5  0  

Penalty Kill - 3 Players Defense
   Defense                  Defense                  Time % Phy DF OF 
 1 Rasmus Ristolainen       Morgan Rielly            60     0   5  0  
 2 Danny DeKeyser           Niklas Kronwall          40     0   5  0  

4 vs 4 Forward 
   Center                   Wing                     Time % Phy DF OF 
 1 Nick Bonino              Richard Panik            60     0   2  3  
 2 Lars Eller               Jimmy Vesey              40     0   2  3  

4 vs 4 Defense
   Defense                  Defense                  Time % Phy DF OF 
 1 Rasmus Ristolainen       Morgan Rielly            60     1   3  1  
 2 Danny DeKeyser           Niklas Kronwall          40     1   3  1  

Last Minutes Offensive
   Center                   Left Wing                Right Wing               Defense                  Defense                  
   Nick Bonino              Jimmy Vesey              Richard Panik            Rasmus Ristolainen       Morgan Rielly            

Last Minutes Defensive
   Center                   Left Wing                Right Wing               Defense                  Defense                  
   Nick Bonino              Lars Eller               Zach Hyman               Rasmus Ristolainen       Morgan Rielly            

Goaltenders
Starting : Mike Smith               
Backup : Petr Mrazek              

Extra Forwards
Normal : Richard Panik, Lars Eller, Jimmy Vesey - PP : Richard Panik, Jimmy Vesey - PK : Zach Hyman
Extra Defensemen
Normal : Rasmus Ristolainen, Morgan Rielly, Danny DeKeyser - PP : Morgan Rielly - PK : Rasmus Ristolainen, Morgan Rielly
Penalty Shots
Zach Hyman, Richard Panik, Jimmy Vesey, Lars Eller, Brendan Leipsic

Scratches
Alan Quine (Healthy), NSH CAP HIT (Suspend)

ARIZONA

5 vs 5 Forward 
   Center                   Left Wing                Right Wing               Time % Phy DF OF 
 1 Mikael Backlund          William Nylander         Justin Williams          35     1   2  2  
 2 Sean Couturier           Gabriel Landeskog        Reilly Smith             30     1   2  2  
 3 Tomas Plekanec           Bryan Rust               Loui Eriksson            25     1   2  2  
 4 Alexander Burmistrov     Mikhail Grigorenko       Tom Pyatt                10     2   2  1  

5 vs 5 Defense 
   Defense                  Defense                                           Time % Phy DF OF 
 1 P.K. Subban              Justin Faulk                                      35     1   2  2  
 2 Ian Cole                 Adam Larsson                                      33     1   2  2  
 3 Brandon Manning          Ron Hainsey                                       24     1   2  2  
 4 P.K. Subban              Adam Larsson                                      8      1   2  2  

PowerPlay Forward 
   Center                   Left Wing                Right Wing               Time % Phy DF OF 
 1 Mikael Backlund          Gabriel Landeskog        Justin Williams          60     1   1  3  
 2 Tomas Plekanec           William Nylander         Reilly Smith             40     1   1  3  

PowerPlay Defense
   Defense                  Defense                                           Time % Phy DF OF 
 1 P.K. Subban              Justin Faulk                                      60     1   1  3  
 2 Ian Cole                 Adam Larsson                                      40     1   1  3  

Penalty Kill 4 Players Forward 
   Center                   Wing                     Time % Phy DF OF 
 1 Sean Couturier           Reilly Smith             65     1   3  1  
 2 Mikael Backlund          Gabriel Landeskog        35     1   3  1  

Penalty Kill 4 Players Defense
   Defense                  Defense                  Time % Phy DF OF 
 1 P.K. Subban              Adam Larsson             55     1   3  1  
 2 Ian Cole                 Justin Faulk             45     1   4  0  

Penalty Kill - 3 Players Forward 
   Forward                                           Time % Phy DF OF 
 1 Sean Couturier                                    60     1   4  0  
 2 Tomas Plekanec                                    40     1   4  0  

Penalty Kill - 3 Players Defense
   Defense                  Defense                  Time % Phy DF OF 
 1 P.K. Subban              Adam Larsson             60     1   4  0  
 2 Ian Cole                 Justin Faulk             40     1   4  0  

4 vs 4 Forward 
   Center                   Wing                     Time % Phy DF OF 
 1 Mikael Backlund          Gabriel Landeskog        60     1   2  2  
 2 Tomas Plekanec           Justin Williams          40     1   2  2  

4 vs 4 Defense
   Defense                  Defense                  Time % Phy DF OF 
 1 Ian Cole                 Justin Faulk             60     1   2  2  
 2 P.K. Subban              Adam Larsson             40     1   2  2  

Last Minutes Offensive
   Center                   Left Wing                Right Wing               Defense                  Defense                  
   Mikael Backlund          William Nylander         Justin Williams          P.K. Subban              Justin Faulk             

Last Minutes Defensive
   Center                   Left Wing                Right Wing               Defense                  Defense                  
   Mikael Backlund          Gabriel Landeskog        Reilly Smith             P.K. Subban              Adam Larsson             

Goaltenders
Starting : Pekka Rinne              
Backup : Curtis McElhinney        

Extra Forwards
Normal : Sean Couturier, Justin Williams, Alexander Burmistrov - PP : William Nylander, Bryan Rust - PK : Sean Couturier
Extra Defensemen
Normal : Ron Hainsey, Adam Larsson, Ian Cole - PP : Ron Hainsey - PK : Ron Hainsey, Brandon Manning
Penalty Shots
Gabriel Landeskog, Mikael Backlund, Tomas Plekanec, Justin Williams, Sean Couturier

Scratches
John-Michael Liles (Healthy), ARI CAP HIT (Suspend), Carl Gunnarsson (Healthy)

% Time on Ice - NASHVILLE

Lines # - Real PCT - Wanted PCT - Time Play
Normal Forward
1 - 33% - 35% - 15:54
2 - 28% - 30% - 13:39
3 - 23% - 25% - 11:01
4 - 16% - 10% - 7:30
Normal Defense
1 - 30% - 35% - 14:29
2 - 35% - 35% - 17:00
3 - 25% - 20% - 11:57
4 - 10% - 10% - 4:38
PP Forward
1 - 44% - 60% - 2:38
2 - 56% - 40% - 3:19
PP Defense
1 - 44% - 60% - 2:38
2 - 56% - 40% - 3:19
PK Forward
1 - 95% - 60% - 1:38
2 - 5% - 40% - 0:05
PK Defense
1 - 55% - 60% - 0:57
2 - 45% - 40% - 0:46
PK3 Forward
1 - 100% - 60% - 1:33
2 - 0% - 40% - 0:00
PK3 Defense
1 - 56% - 60% - 0:52
2 - 44% - 40% - 0:41
44 Forward
1 - 100% - 60% - 1:59
2 - 0% - 40% - 0:00
44 Defense
1 - 51% - 60% - 1:01
2 - 49% - 40% - 0:58
Last Minute Offensive  - 0:00
Last Minute Defensive  - 0:44
Total
Forward - 60:00
Defense - 60:00

% Time on Ice - ARIZONA

Lines # - Real PCT - Wanted PCT - Time Play
Normal Forward
1 - 32% - 35% - 15:18
2 - 28% - 30% - 13:15
3 - 26% - 25% - 12:25
4 - 15% - 10% - 7:06
Normal Defense
1 - 33% - 35% - 15:59
2 - 32% - 33% - 15:12
3 - 31% - 24% - 14:55
4 - 4% - 8% - 1:58
PP Forward
1 - 48% - 60% - 1:35
2 - 52% - 40% - 1:41
PP Defense
1 - 58% - 60% - 1:54
2 - 42% - 40% - 1:22
PK Forward
1 - 82% - 65% - 4:53
2 - 18% - 35% - 1:04
PK Defense
1 - 55% - 55% - 3:15
2 - 45% - 45% - 2:42
PK3 Forward
1 - 0% - 60%
2 - 0% - 40%
PK3 Defense
1 - 0% - 60%
2 - 0% - 40%
44 Forward
1 - 69% - 60% - 1:22
2 - 31% - 40% - 0:37
44 Defense
1 - 69% - 60% - 1:22
2 - 31% - 40% - 0:37
Last Minute Offensive  - 0:44
Last Minute Defensive  - 0:00
Total
Forward - 60:00
Defense - 60:00

Play by Play

1st period


0:01 of 1st period - Mikael Backlund wins face-off versus Nick Bonino in neutral zone.
0:27 of 1st period - Shot by Mikael Backlund.
0:27 of 1st period - Stopped by Mike Smith without a rebound.
0:28 of 1st period - Sean Couturier wins face-off versus Oscar Lindberg in NASHVILLE zone.
1:53 of 1st period - Icing by Ian Cole.
1:54 of 1st period - Sean Couturier wins face-off versus Nick Bonino in ARIZONA zone.
2:20 of 1st period - Shot by Loui Eriksson.
2:20 of 1st period - Stopped by Mike Smith without a rebound.
2:21 of 1st period - Mikael Backlund wins face-off versus Joseph Blandisi in NASHVILLE zone.
2:36 of 1st period - Shot by Justin Williams.
2:36 of 1st period - Shot Misses the Net.
2:38 of 1st period - Shot by Justin Williams.
2:38 of 1st period - Stopped by Mike Smith without a rebound.
2:39 of 1st period - Peter Holland wins face-off versus Loui Eriksson in NASHVILLE zone.
3:04 of 1st period - Shot by Tomas Plekanec.
3:04 of 1st period - Stopped by Mike Smith with a rebound.
3:32 of 1st period - Icing by Braydon Coburn.
3:33 of 1st period - Mikael Backlund wins face-off versus Nick Bonino in NASHVILLE zone.
3:34 of 1st period - Shot by Justin Faulk.
3:34 of 1st period - Stopped by Mike Smith without a rebound.
3:35 of 1st period - Mikael Backlund wins face-off versus Oscar Lindberg in NASHVILLE zone.
3:50 of 1st period - P.K. Subban is hit by Oscar Lindberg and loses puck.
4:01 of 1st period - Shot by Jimmy Vesey.
4:01 of 1st period - Stopped by Pekka Rinne with a rebound.
4:25 of 1st period - Mikael Backlund is hit by Lars Eller and loses puck.
4:32 of 1st period - Shot by Lars Eller.
4:32 of 1st period - Shot Misses the Net.
4:34 of 1st period - Shot by Danny DeKeyser.
4:34 of 1st period - Shot Blocked by Justin Williams.
4:36 of 1st period - Shot by Nick Bonino.
4:36 of 1st period - Shot Blocked by Justin Faulk.
4:38 of 1st period - Shot by Danny DeKeyser.
4:38 of 1st period - Shot Blocked by Justin Faulk.
4:42 of 1st period - Shot by Richard Panik.
4:42 of 1st period - Shot Misses the Net.
4:48 of 1st period - Shot by Nick Bonino.
4:48 of 1st period - Stopped by Pekka Rinne with a rebound.
4:50 of 1st period - Shot by Lars Eller.
4:50 of 1st period - Shot Misses the Net.
4:52 of 1st period - Shot by Nick Bonino.
4:52 of 1st period - Stopped by Pekka Rinne with a rebound.
5:00 of 1st period - Shot by Nick Bonino.
5:00 of 1st period - Shot Misses the Net.
5:44 of 1st period - Shot by Hunter Shinkaruk.
5:44 of 1st period - Stopped by Pekka Rinne with a rebound.
5:47 of 1st period - Icing by Ron Hainsey.
5:48 of 1st period - Alexander Burmistrov wins face-off versus Peter Holland in ARIZONA zone.
5:48 of 1st period - Alexander Burmistrov is hit by Zach Hyman.
6:02 of 1st period - Shot by Clarke MacArthur.
6:02 of 1st period - Stopped by Pekka Rinne without a rebound.
6:03 of 1st period - Oscar Lindberg wins face-off versus Tomas Plekanec in ARIZONA zone.
6:53 of 1st period - Off-side.
6:54 of 1st period - Nick Bonino wins face-off versus Sean Couturier in neutral zone.
7:29 of 1st period - Minor Penalty to Gabriel Landeskog for Hooking.
7:30 of 1st period - Oscar Lindberg wins face-off versus Sean Couturier in ARIZONA zone.
7:55 of 1st period - Shot by Braydon Coburn.
7:55 of 1st period - Shot Misses the Net.
7:57 of 1st period - Shot by Danny DeKeyser.
7:57 of 1st period - Shot Blocked by Justin Faulk.
7:59 of 1st period - Shot by Braydon Coburn.
7:59 of 1st period - Shot Blocked by Reilly Smith.
8:39 of 1st period - Shot by Rasmus Ristolainen.
8:39 of 1st period - Stopped by Pekka Rinne with a rebound.
8:53 of 1st period - Oscar Lindberg is hit by Bryan Rust.
9:05 of 1st period - Shot by Braydon Coburn.
9:05 of 1st period - Shot Misses the Net.
9:50 of 1st period - Shot by Hunter Shinkaruk.
9:50 of 1st period - Deflect By Joseph Blandisi.
9:50 of 1st period - Stopped by Pekka Rinne without a rebound.
9:51 of 1st period - Alexander Burmistrov wins face-off versus Zach Hyman in ARIZONA zone.
10:38 of 1st period - Shot by William Nylander.
10:38 of 1st period - Shot Misses the Net.
10:40 of 1st period - Shot by P.K. Subban.
10:40 of 1st period - Shot Blocked by Niklas Kronwall.
10:52 of 1st period - Shot by William Nylander.
10:52 of 1st period - Stopped by Mike Smith without a rebound.
10:53 of 1st period - Sean Couturier wins face-off versus Nick Bonino in NASHVILLE zone.
11:31 of 1st period - Icing by Reilly Smith.
11:32 of 1st period - Joseph Blandisi wins face-off versus Sean Couturier in ARIZONA zone.
11:55 of 1st period - Off-side.
11:56 of 1st period - Loui Eriksson wins face-off versus Oscar Lindberg in neutral zone.
12:26 of 1st period - Oscar Lindberg is hit by Justin Faulk and loses puck.
13:12 of 1st period - Icing by Justin Williams.
13:13 of 1st period - Peter Holland wins face-off versus Mikael Backlund in ARIZONA zone.
13:44 of 1st period - Shot by William Nylander.
13:44 of 1st period - Shot Blocked by Niklas Kronwall.
13:47 of 1st period - Icing by Niklas Kronwall.
13:48 of 1st period - Sean Couturier wins face-off versus Peter Holland in NASHVILLE zone.
13:49 of 1st period - Shot by Adam Larsson.
13:49 of 1st period - Stopped by Mike Smith without a rebound.
13:50 of 1st period - Sean Couturier wins face-off versus Brendan Leipsic in NASHVILLE zone.
14:05 of 1st period - Shot by Sean Couturier.
14:05 of 1st period - Shot Misses the Net.
14:07 of 1st period - Shot by Reilly Smith.
14:07 of 1st period - Shot Misses the Net.
14:21 of 1st period - Shot by Sean Couturier.
14:21 of 1st period - Shot Blocked by Jimmy Vesey.
14:23 of 1st period - Shot by P.K. Subban.
14:23 of 1st period - Shot Blocked by Danny DeKeyser.
14:25 of 1st period - Shot by Adam Larsson.
14:25 of 1st period - Shot Misses the Net.
14:27 of 1st period - Shot by P.K. Subban.
14:27 of 1st period - Stopped by Mike Smith without a rebound.
14:28 of 1st period - Nick Bonino wins face-off versus William Nylander in NASHVILLE zone.
14:39 of 1st period - Shot by Lars Eller.
14:39 of 1st period - Shot Misses the Net.
14:41 of 1st period - Shot by Richard Panik.
14:41 of 1st period - Stopped by Pekka Rinne without a rebound.
14:42 of 1st period - Peter Holland wins face-off versus Tomas Plekanec in ARIZONA zone.
14:43 of 1st period - Shot by Zach Hyman.
14:43 of 1st period - Shot Misses the Net.
14:57 of 1st period - Shot by Bryan Rust.
14:57 of 1st period - Deflect By Loui Eriksson.
14:57 of 1st period - Stopped by Mike Smith with a rebound.
16:24 of 1st period - Jimmy Vesey is hit by Brandon Manning and loses puck.
16:30 of 1st period - Reilly Smith is hit by Niklas Kronwall and loses puck.
16:35 of 1st period - Shot by Sean Couturier.
16:35 of 1st period - Shot Blocked by Morgan Rielly.
16:45 of 1st period - Minor Penalty to Niklas Kronwall for High sticking.
16:46 of 1st period - Tomas Plekanec wins face-off versus Richard Panik in NASHVILLE zone.
17:05 of 1st period - Shot by P.K. Subban.
17:05 of 1st period - Shot Misses the Net.
17:07 of 1st period - Shot by William Nylander.
17:07 of 1st period - Stopped by Mike Smith with a rebound.
17:09 of 1st period - Shot by Reilly Smith.
17:09 of 1st period - Stopped by Mike Smith without a rebound.
17:10 of 1st period - Justin Williams wins face-off versus Richard Panik in NASHVILLE zone.
17:30 of 1st period - Off-side.
17:31 of 1st period - Tomas Plekanec wins face-off versus Richard Panik in neutral zone.
17:36 of 1st period - Shot by P.K. Subban.
17:36 of 1st period - Goal by P.K. Subban - NASHVILLE : 0 - ARIZONA : 1.
17:37 of 1st period - Tomas Plekanec wins face-off versus Oscar Lindberg in neutral zone.
17:40 of 1st period - Kevin Bieksa is hit by Bryan Rust and loses puck.
17:55 of 1st period - Shot by Brendan Leipsic.
17:55 of 1st period - Shot Misses the Net.
17:57 of 1st period - Shot by Jimmy Vesey.
17:57 of 1st period - Goal by Jimmy Vesey - NASHVILLE : 1 - ARIZONA : 1.
17:58 of 1st period - Clarke MacArthur wins face-off versus Mikael Backlund in neutral zone.
18:17 of 1st period - Shot by Zach Hyman.
18:17 of 1st period - Shot Blocked by Ian Cole.
18:19 of 1st period - Shot by Clarke MacArthur.
18:19 of 1st period - Stopped by Pekka Rinne without a rebound.
18:20 of 1st period - Nick Bonino wins face-off versus Sean Couturier in ARIZONA zone.
18:25 of 1st period - Shot by Nick Bonino.
18:25 of 1st period - Shot Misses the Net.
18:41 of 1st period - Richard Panik is hit by Gabriel Landeskog and loses puck.
19:11 of 1st period - Icing by Niklas Kronwall.
19:12 of 1st period - Mikael Backlund wins face-off versus Nick Bonino in NASHVILLE zone.
19:12 of 1st period - Mikael Backlund is hit by Niklas Kronwall.
19:37 of 1st period - Minor Penalty to Niklas Kronwall for High sticking.
19:38 of 1st period - Tomas Plekanec wins face-off versus Brendan Leipsic in NASHVILLE zone.
19:51 of 1st period - Shot by Justin Faulk.
19:51 of 1st period - Stopped by Mike Smith with a rebound.
19:53 of 1st period - Shot by P.K. Subban.
19:53 of 1st period - Stopped by Mike Smith without a rebound.
19:54 of 1st period - Brendan Leipsic wins face-off versus Mikael Backlund in NASHVILLE zone.
19:54 of 1st period - Brendan Leipsic is hit by Gabriel Landeskog.
Goals for this period are 1 for NASHVILLE vs 1 for ARIZONA.
Shots for this period are 10 for NASHVILLE vs 14 for ARIZONA.

2nd period


0:01 of 2nd period - Mikael Backlund wins face-off versus Richard Panik in neutral zone.
0:03 of 2nd period - Minor Penalty to Richard Panik for Hooking.
0:04 of 2nd period - Mikael Backlund wins face-off versus Zach Hyman in NASHVILLE zone.
0:05 of 2nd period - Shot by P.K. Subban.
0:05 of 2nd period - Shot Blocked by Zach Hyman.
0:22 of 2nd period - Mikael Backlund is hit by Rasmus Ristolainen and loses puck.
0:25 of 2nd period - Shot by Mikael Backlund.
0:25 of 2nd period - Shot Misses the Net.
0:27 of 2nd period - Shot by Mikael Backlund.
0:27 of 2nd period - Deflect By Gabriel Landeskog.
0:27 of 2nd period - Shot Misses the Net.
0:29 of 2nd period - Shot by Mikael Backlund.
0:29 of 2nd period - Shot Misses the Net.
0:31 of 2nd period - Shot by P.K. Subban.
0:31 of 2nd period - Shot Blocked by Morgan Rielly.
1:50 of 2nd period - Icing by William Nylander.
1:51 of 2nd period - Tomas Plekanec wins face-off versus Brendan Leipsic in ARIZONA zone.
2:12 of 2nd period - Shot by Richard Panik.
2:12 of 2nd period - Stopped by Pekka Rinne without a rebound.
2:13 of 2nd period - Alexander Burmistrov wins face-off versus Joseph Blandisi in ARIZONA zone.
2:29 of 2nd period - Off-side.
2:30 of 2nd period - Justin Williams wins face-off versus Nick Bonino in neutral zone.
2:33 of 2nd period - Shot by P.K. Subban.
2:33 of 2nd period - Shot Misses the Net.
2:35 of 2nd period - Shot by Justin Faulk.
2:35 of 2nd period - Stopped by Mike Smith without a rebound.
2:36 of 2nd period - Sean Couturier wins face-off versus Nick Bonino in NASHVILLE zone.
2:37 of 2nd period - Shot by P.K. Subban.
2:37 of 2nd period - Shot Misses the Net.
2:40 of 2nd period - Icing by Danny DeKeyser.
2:41 of 2nd period - Nick Bonino wins face-off versus Mikael Backlund in NASHVILLE zone.
3:46 of 2nd period - Morgan Rielly is hit by Bryan Rust and loses puck.
3:59 of 2nd period - Shot by Oscar Lindberg.
3:59 of 2nd period - Shot Misses the Net.
4:39 of 2nd period - Shot by Gabriel Landeskog.
4:39 of 2nd period - Shot Misses the Net.
4:59 of 2nd period - Shot by Reilly Smith.
4:59 of 2nd period - Stopped by Mike Smith without a rebound.
5:00 of 2nd period - Alexander Burmistrov wins face-off versus Peter Holland in NASHVILLE zone.
5:13 of 2nd period - Icing by Ian Cole.
5:14 of 2nd period - Alexander Burmistrov wins face-off versus Joseph Blandisi in ARIZONA zone.
5:41 of 2nd period - Icing by Ian Cole.
5:42 of 2nd period - Peter Holland wins face-off versus Alexander Burmistrov in ARIZONA zone.
5:55 of 2nd period - Shot by Alexander Burmistrov.
5:55 of 2nd period - Shot Blocked by Kevin Bieksa.
5:57 of 2nd period - Shot by Alexander Burmistrov.
5:57 of 2nd period - Shot Misses the Net.
5:59 of 2nd period - Shot by Adam Larsson.
5:59 of 2nd period - Shot Blocked by Braydon Coburn.
6:08 of 2nd period - Kevin Bieksa is hit by Justin Williams and loses puck.
6:19 of 2nd period - Shot by William Nylander.
6:19 of 2nd period - Shot Misses the Net.
6:21 of 2nd period - Shot by P.K. Subban.
6:21 of 2nd period - Stopped by Mike Smith without a rebound.
6:22 of 2nd period - Sean Couturier wins face-off versus Nick Bonino in NASHVILLE zone.
6:29 of 2nd period - Shot by Sean Couturier.
6:29 of 2nd period - Deflect By Gabriel Landeskog.
6:29 of 2nd period - Stopped by Mike Smith with a rebound.
6:37 of 2nd period - Shot by Nick Bonino.
6:37 of 2nd period - Shot Misses the Net.
7:25 of 2nd period - Danny DeKeyser is hit by Justin Williams and loses puck.
7:36 of 2nd period - Justin Williams is hit by Richard Panik.
8:06 of 2nd period - Icing by Justin Faulk.
8:07 of 2nd period - Mikael Backlund wins face-off versus Oscar Lindberg in ARIZONA zone.
8:27 of 2nd period - Icing by P.K. Subban.
8:28 of 2nd period - Peter Holland wins face-off versus Mikael Backlund in ARIZONA zone.
9:12 of 2nd period - Shot by Loui Eriksson.
9:12 of 2nd period - Stopped by Mike Smith without a rebound.
9:13 of 2nd period - Sean Couturier wins face-off versus Brendan Leipsic in NASHVILLE zone.
9:14 of 2nd period - Shot by Reilly Smith.
9:14 of 2nd period - Shot Misses the Net.
9:16 of 2nd period - Shot by Sean Couturier.
9:16 of 2nd period - Shot Misses the Net.
9:18 of 2nd period - Shot by Ron Hainsey.
9:18 of 2nd period - Shot Blocked by Morgan Rielly.
9:41 of 2nd period - Shot by Oscar Lindberg.
9:41 of 2nd period - Deflect By Jimmy Vesey.
9:41 of 2nd period - Stopped by Pekka Rinne without a rebound.
9:42 of 2nd period - Joseph Blandisi wins face-off versus Loui Eriksson in ARIZONA zone.
10:13 of 2nd period - Shot by Tomas Plekanec.
10:13 of 2nd period - Stopped by Mike Smith with a rebound.
10:39 of 2nd period - Tomas Plekanec is hit by Zach Hyman and loses puck.
10:44 of 2nd period - Shot by Morgan Rielly.
10:44 of 2nd period - Stopped by Pekka Rinne without a rebound.
10:45 of 2nd period - Sean Couturier wins face-off versus Oscar Lindberg in ARIZONA zone.
11:16 of 2nd period - Sean Couturier is hit by Kevin Bieksa and loses puck.
11:27 of 2nd period - Oscar Lindberg is hit by Gabriel Landeskog and loses puck.
12:34 of 2nd period - Kevin Bieksa is hit by Alexander Burmistrov and loses puck.
13:23 of 2nd period - Tomas Plekanec is hit by Richard Panik and loses puck.
13:41 of 2nd period - Minor Penalty to P.K. Subban for Hooking.
13:42 of 2nd period - Zach Hyman wins face-off versus Sean Couturier in ARIZONA zone.
13:51 of 2nd period - Shot by Zach Hyman.
13:51 of 2nd period - Stopped by Pekka Rinne without a rebound.
13:52 of 2nd period - Sean Couturier wins face-off versus Lars Eller in ARIZONA zone.
13:58 of 2nd period - Icing by Morgan Rielly.
13:59 of 2nd period - Sean Couturier wins face-off versus Zach Hyman in NASHVILLE zone.
14:47 of 2nd period - Justin Faulk is hit by Richard Panik and loses puck.
15:00 of 2nd period - Shot by Danny DeKeyser.
15:00 of 2nd period - Shot Misses the Net.
15:02 of 2nd period - Shot by Dwight King.
15:02 of 2nd period - Shot Misses the Net.
16:34 of 2nd period - William Nylander is hit by Zach Hyman and loses puck.
16:51 of 2nd period - Shot by Justin Williams.
16:51 of 2nd period - Shot Misses the Net.
17:43 of 2nd period - Shot by Nick Bonino.
17:43 of 2nd period - Stopped by Pekka Rinne without a rebound.
17:44 of 2nd period - Alexander Burmistrov wins face-off versus Oscar Lindberg in ARIZONA zone.
17:44 of 2nd period - Alexander Burmistrov is hit by Clarke MacArthur.
18:06 of 2nd period - Shot by Oscar Lindberg.
18:06 of 2nd period - Stopped by Pekka Rinne with a rebound.
18:08 of 2nd period - Shot by Jimmy Vesey.
18:08 of 2nd period - Shot Blocked by Ron Hainsey.
19:34 of 2nd period - Richard Panik is hit by Ian Cole and loses puck.
Goals for this period are 0 for NASHVILLE vs 0 for ARIZONA.
Shots for this period are 6 for NASHVILLE vs 6 for ARIZONA.

3rd period


0:01 of 3rd period - Sean Couturier wins face-off versus Oscar Lindberg in neutral zone.
0:26 of 3rd period - Shot by Jimmy Vesey.
0:26 of 3rd period - Shot Blocked by Sean Couturier.
0:28 of 3rd period - Shot by Danny DeKeyser.
0:28 of 3rd period - Shot Misses the Net.
0:30 of 3rd period - Shot by Danny DeKeyser.
0:30 of 3rd period - Shot Misses the Net.
0:59 of 3rd period - Shot by Lars Eller.
0:59 of 3rd period - Shot Misses the Net.
1:24 of 3rd period - William Nylander is hit by Niklas Kronwall and loses puck.
1:35 of 3rd period - Shot by Mikael Backlund.
1:35 of 3rd period - Stopped by Mike Smith without a rebound.
1:36 of 3rd period - Peter Holland wins face-off versus Tomas Plekanec in NASHVILLE zone.
1:36 of 3rd period - Peter Holland is hit by Loui Eriksson.
2:04 of 3rd period - Shot by Tomas Plekanec.
2:04 of 3rd period - Stopped by Mike Smith without a rebound.
2:05 of 3rd period - Mikael Backlund wins face-off versus Joseph Blandisi in NASHVILLE zone.
2:27 of 3rd period - Shot by Joseph Blandisi.
2:27 of 3rd period - Goal by Joseph Blandisi - NASHVILLE : 2 - ARIZONA : 1.
2:28 of 3rd period - Oscar Lindberg wins face-off versus Alexander Burmistrov in neutral zone.
3:28 of 3rd period - Icing by Ron Hainsey.
3:29 of 3rd period - Peter Holland wins face-off versus Alexander Burmistrov in ARIZONA zone.
4:02 of 3rd period - Shot by William Nylander.
4:02 of 3rd period - Stopped by Mike Smith with a rebound.
4:12 of 3rd period - Shot by Mikael Backlund.
4:12 of 3rd period - Stopped by Mike Smith without a rebound.
4:13 of 3rd period - Sean Couturier wins face-off versus Nick Bonino in NASHVILLE zone.
4:17 of 3rd period - Icing by Danny DeKeyser.
4:18 of 3rd period - Nick Bonino wins face-off versus Mikael Backlund in NASHVILLE zone.
4:35 of 3rd period - Shot by Lars Eller.
4:35 of 3rd period - Stopped by Pekka Rinne without a rebound.
4:36 of 3rd period - Oscar Lindberg wins face-off versus Sean Couturier in ARIZONA zone.
5:00 of 3rd period - Shot by Sean Couturier.
5:00 of 3rd period - Shot Misses the Net.
5:02 of 3rd period - Shot by Reilly Smith.
5:02 of 3rd period - Shot Misses the Net.
5:12 of 3rd period - Shot by Sean Couturier.
5:12 of 3rd period - Shot Misses the Net.
5:14 of 3rd period - Shot by P.K. Subban.
5:14 of 3rd period - Shot Misses the Net.
5:16 of 3rd period - Shot by Reilly Smith.
5:16 of 3rd period - Shot Misses the Net.
5:40 of 3rd period - Off-side.
5:41 of 3rd period - Mikael Backlund wins face-off versus Nick Bonino in neutral zone.
5:57 of 3rd period - Icing by Rasmus Ristolainen.
5:58 of 3rd period - Nick Bonino wins face-off versus Tomas Plekanec in NASHVILLE zone.
6:03 of 3rd period - Shot by Lars Eller.
6:03 of 3rd period - Stopped by Pekka Rinne without a rebound.
6:04 of 3rd period - Mikael Backlund wins face-off versus Peter Holland in ARIZONA zone.
6:11 of 3rd period - Shot by Zach Hyman.
6:11 of 3rd period - Deflect By Peter Holland.
6:11 of 3rd period - Stopped by Pekka Rinne without a rebound.
6:12 of 3rd period - Nick Bonino wins face-off versus Mikael Backlund in ARIZONA zone.
6:30 of 3rd period - Rasmus Ristolainen is hit by Ian Cole and loses puck.
6:49 of 3rd period - Rasmus Ristolainen is hit by Justin Williams and loses puck.
7:44 of 3rd period - Shot by Peter Holland.
7:44 of 3rd period - Stopped by Pekka Rinne without a rebound.
7:45 of 3rd period - Sean Couturier wins face-off versus Brendan Leipsic in ARIZONA zone.
7:52 of 3rd period - Shot by Jimmy Vesey.
7:52 of 3rd period - Shot Blocked by Ron Hainsey.
7:54 of 3rd period - Shot by Oscar Lindberg.
7:54 of 3rd period - Shot Blocked by Sean Couturier.
7:56 of 3rd period - Shot by Oscar Lindberg.
7:56 of 3rd period - Goal by Oscar Lindberg - NASHVILLE : 3 - ARIZONA : 1.
7:57 of 3rd period - Alexander Burmistrov wins face-off versus Peter Holland in neutral zone.
8:25 of 3rd period - Icing by Zach Hyman.
8:26 of 3rd period - Sean Couturier wins face-off versus Peter Holland in NASHVILLE zone.
8:26 of 3rd period - Reilly Smith is hit by Niklas Kronwall and loses puck.
9:25 of 3rd period - Shot by Jimmy Vesey.
9:25 of 3rd period - Shot Misses the Net.
9:27 of 3rd period - Shot by Kevin Bieksa.
9:27 of 3rd period - Shot Misses the Net.
9:50 of 3rd period - Rasmus Ristolainen is hit by Mikael Backlund.
9:54 of 3rd period - Shot by Richard Panik.
9:54 of 3rd period - Stopped by Pekka Rinne without a rebound.
9:55 of 3rd period - Tomas Plekanec wins face-off versus Joseph Blandisi in ARIZONA zone.
10:06 of 3rd period - Morgan Rielly is hit by Brandon Manning and loses puck.
10:13 of 3rd period - Shot by Loui Eriksson.
10:13 of 3rd period - Shot Blocked by Niklas Kronwall.
10:15 of 3rd period - Shot by Tomas Plekanec.
10:15 of 3rd period - Shot Misses the Net.
10:17 of 3rd period - Shot by Tomas Plekanec.
10:17 of 3rd period - Shot Misses the Net.
10:57 of 3rd period - Shot by Nick Bonino.
10:57 of 3rd period - Shot Misses the Net.
11:00 of 3rd period - Minor Penalty to Bryan Rust for Interference.
11:01 of 3rd period - Sean Couturier wins face-off versus Jimmy Vesey in ARIZONA zone.
11:01 of 3rd period - Sean Couturier is hit by Oscar Lindberg.
11:08 of 3rd period - Icing by Danny DeKeyser.
11:09 of 3rd period - Sean Couturier wins face-off versus Oscar Lindberg in NASHVILLE zone.
11:09 of 3rd period - P.K. Subban is hit by Danny DeKeyser and loses puck.
11:12 of 3rd period - Shot by Reilly Smith.
11:12 of 3rd period - Shot Misses the Net.
11:17 of 3rd period - Icing by Danny DeKeyser.
11:18 of 3rd period - Sean Couturier wins face-off versus Oscar Lindberg in NASHVILLE zone.
11:18 of 3rd period - Reilly Smith is hit by Danny DeKeyser and loses puck.
12:23 of 3rd period - Icing by Zach Hyman.
12:24 of 3rd period - Lars Eller wins face-off versus Sean Couturier in NASHVILLE zone.
12:45 of 3rd period - Shot by Morgan Rielly.
12:45 of 3rd period - Shot Blocked by Mikael Backlund.
13:01 of 3rd period - Shot by Joseph Blandisi.
13:01 of 3rd period - Shot Misses the Net.
13:18 of 3rd period - Shot by Dwight King.
13:18 of 3rd period - Shot Misses the Net.
14:47 of 3rd period - Minor Penalty to Ian Cole for Hooking.
14:47 of 3rd period - Minor Penalty to Richard Panik for Tripping.
14:48 of 3rd period - Nick Bonino wins face-off versus Mikael Backlund in ARIZONA zone.
15:13 of 3rd period - Shot by Nick Bonino.
15:13 of 3rd period - Shot Misses the Net.
15:54 of 3rd period - P.K. Subban is hit by Rasmus Ristolainen and loses puck.
16:01 of 3rd period - Shot by Justin Williams.
16:01 of 3rd period - Stopped by Mike Smith without a rebound.
16:02 of 3rd period - Nick Bonino wins face-off versus Tomas Plekanec in NASHVILLE zone.
16:25 of 3rd period - Shot by Brendan Leipsic.
16:25 of 3rd period - Stopped by Pekka Rinne without a rebound.
16:26 of 3rd period - Nick Bonino wins face-off versus Sean Couturier in ARIZONA zone.
16:27 of 3rd period - Shot by Morgan Rielly.
16:27 of 3rd period - Shot Misses the Net.
17:12 of 3rd period - Dwight King is hit by Ian Cole and loses puck.
17:56 of 3rd period - Shot by Bryan Rust.
17:56 of 3rd period - Shot Hit the Post.
17:58 of 3rd period - Shot by Ron Hainsey.
17:58 of 3rd period - Stopped by Mike Smith with a rebound.
18:37 of 3rd period - Shot by Reilly Smith.
18:37 of 3rd period - Stopped by Mike Smith without a rebound.
18:38 of 3rd period - Mikael Backlund wins face-off versus Peter Holland in NASHVILLE zone.
18:38 of 3rd period - William Nylander is hit by Niklas Kronwall and loses puck.
18:53 of 3rd period - Shot by Justin Williams.
18:53 of 3rd period - Goal by Justin Williams - NASHVILLE : 3 - ARIZONA : 2.
18:54 of 3rd period - Reilly Smith wins face-off versus Nick Bonino in neutral zone.
18:57 of 3rd period - ARIZONA, Pekka Rinne is pulled from the net.
19:15 of 3rd period - Shot by Justin Faulk.
19:15 of 3rd period - Stopped by Mike Smith without a rebound.
19:16 of 3rd period - Nick Bonino wins face-off versus Mikael Backlund in NASHVILLE zone.
19:16 of 3rd period - Nick Bonino is hit by Justin Williams.
19:36 of 3rd period - Shot by Morgan Rielly.
19:36 of 3rd period - Shot Misses the Net.
19:49 of 3rd period - Off-side.
19:50 of 3rd period - Nick Bonino wins face-off versus Mikael Backlund in neutral zone.
19:54 of 3rd period - Icing by William Nylander.
19:55 of 3rd period - Pekka Rinne from ARIZONA was sent back in the game.
19:55 of 3rd period - Nick Bonino wins face-off versus Mikael Backlund in ARIZONA zone.
Goals for this period are 2 for NASHVILLE vs 1 for ARIZONA.
Shots for this period are 8 for NASHVILLE vs 9 for ARIZONA.